 Dungeon Crawl Stone Soup version 0.20.0-6-gd3061e9 (webtiles) character file.

262759 ghjk the Executioner (level 19, -3/271 HPs)
             Began as a Minotaur Fighter on May 28, 2017.
             Was the Champion of Okawaru.
             Slain by a spark wasp (10 damage)
             ... on level 1 of the Depths.
             The game lasted 01:14:38 (36337 turns).

ghjk the Executioner (Minotaur Fighter)            Turns: 36337, Time: 01:14:38

Health: -3/271     AC: 35    Str: 33      XL:     19   Next: 23%
Magic:  20/20      EV:  9    Int:  2 (5)  God:    Okawaru [******]
Gold:   2921       SH:  0    Dex: 11      Spells: 18/18 levels left

rFire    + . .     SeeInvis +   E - +4 battleaxe (drain)
rCold    + + .     Gourm    +   (shield currently unavailable)
rNeg     . . .     Faith    .   U - +1 crystal plate armour of the Planets {rF+ rC++ Regen+}
rPois    .         Spirit   .   q - +0 hat {SInv}
rElec    .         Reflect  .   e - scarf {repulsion}
rCorr    +         Harm     .   d - +2 pair of gloves
MR       ++...                  j - +2 pair of boots {run}
Stlth    ..........             s - amulet of Neacel {Gourm MR+}
Regen    1.0/turn               Y - +1 ring of slaying
MPRegen  0.2/turn               M - ring of resist corrosion

@: berserking, very slightly contaminated, repel missiles, very quick
A: retaliatory headbutt, horns 2
}: 2/15 runes: decaying, serpentine
a: Heroism, Finesse, Renounce Religion


You were on level 1 of the Depths.
You worshipped Okawaru.
Okawaru was exalted by your worship.
You were very full.

You visited 8 branches of the dungeon, and saw 34 of its levels.
You also visited: Ice Cave.

You collected 3734 gold pieces.
You spent 813 gold pieces at shops.

Inventory:

Hand Weapons
 y - a +2 flail of holy wrath
 E - a +4 battleaxe of draining (weapon)
Armour
 d - a +2 pair of gloves (worn)
 e - a scarf of repulsion (worn)
 j - a +2 pair of boots of running (worn)
 q - a +0 hat of see invisible (worn)
 U - the +1 crystal plate armour of the Planets (worn) {rF+ rC++ Regen+}
   (Okawaru gifted it to you on level 12 of the Dungeon)

   It protects you from fire.
   It greatly protects you from cold.
   It increases your rate of regeneration.
Jewellery
 c - an uncursed ring of stealth
 o - an uncursed ring of protection from magic
 s - the amulet of Neacel (around neck) {Gourm MR+}
   (You acquired it on level 6 of the Lair of Beasts)

   [amulet of the gourmand]

   It allows you to eat raw meat even when not hungry.
   It affects your resistance to hostile enchantments.
 u - an uncursed ring of see invisible
 v - an uncursed ring of flight
 I - an uncursed ring of fire
 M - a ring of resist corrosion (right hand)
 N - a +4 amulet of reflection
 Y - a +1 ring of slaying (left hand)
Wands
 F - a wand of disintegration (3/24)
 P - a wand of polymorph (13/24)
 Q - a wand of polymorph (12/24)
 W - a wand of disintegration (14/24)
Scrolls
 a - 3 scrolls of holy word
 b - 10 scrolls of magic mapping
 m - 9 scrolls of recharging
 p - 20 scrolls of remove curse
 t - 4 scrolls of fog
 z - a scroll of amnesia
 B - 8 scrolls of enchant weapon
 D - 10 scrolls of teleportation
 J - 3 scrolls of fear
 L - 9 scrolls of identify
 T - 5 scrolls of enchant armour
Potions
 h - 2 potions of lignification
 i - 2 potions of haste
 k - 4 potions of ambrosia
 l - 5 potions of brilliance
 n - 6 potions of curing
 w - 3 potions of cancellation
 G - 3 potions of invisibility
 H - 2 potions of resistance
 K - 4 potions of flight
 O - 3 potions of magic
 V - a potion of might
 X - 4 potions of agility
Books
 A - a book of Power

   Spells                             Type                      Level
   a - Iskenderun's Battlesphere      Conjuration/Charms           5
   b - Venom Bolt                     Conjuration/Poison           5
   c - Bolt of Magma                  Conjuration/Fire/Earth       5
   d - Iron Shot                      Conjuration/Earth            6
   e - Orb of Destruction             Conjuration                  7
   f - Spellforged Servitor           Conjuration/Summoning        7
 R - a book of Alchemy

   Spells                             Type                      Level
   a - Sublimation of Blood           Necromancy                   2
   b - Ignite Poison                  Fire/Transmutation/Poison    3
   c - Petrify                        Transmutation/Earth          4
   d - Alistair's Intoxication        Transmutation/Poison         5
   e - Irradiate                      Conjuration/Transmutation    5
Comestibles
 f - 19 bread rations
 r - 15 meat rations
 x - 27 fruits
 C - 17 royal jellies


   Skills:
 + Level 18.9 Fighting
 + Level 24.1(24.2) Axes
 + Level 3.2(16.9) Maces & Flails
 * Level 19.6 Armour
 - Level 4.0 Dodging
   Level 15.2 Shields
 + Level 2.7 Invocations


You had 18 spell levels left.
You didn't know any spells.

Dungeon Overview and Level Annotations

Branches:
Dungeon (15/15)            Temple (1/1) D:6            Lair (6/6) D:8
  Swamp (4/4) Lair:4        Snake (4/4) Lair:3        Slime (0/5) Lair:5
    Orc (2/2) D:11            Elf (1/3) Orc:2        Vaults (0/5) D:14
 Depths (1/5) D:15

Altars:
Ashenzari
Cheibriados
Dithmenos
Elyvilon
Fedhas
Gozag
Hepliaklqana
Kikubaaqudgha
Makhleb
Nemelex Xobeh
Okawaru
Qazlal
Ru
Sif Muna
Trog
Uskayaw
Vehumet
Xom
Yredelemnul
Zin
The Shining One
Beogh

Shops:
D:4 ?   D:5 (   D:7 (   D:12 ?   Orc:1 (   Orc:2 [}[:   Elf:1 ?


Innate Abilities, Weirdness & Mutations

You reflexively headbutt those who attack you in melee.
You have a pair of horns on your head.


Message History

* * * LOW HITPOINT WARNING * * *
The spark wasp shocks you!
* * * LOW HITPOINT WARNING * * *
A battlesphere comes into view.
There is a staircase back to the Dungeon here.
Unknown command.
You feel much better.
The spark wasp bursts into living lightning!
The living lightning hits you!
* * * LOW HITPOINT WARNING * * *
The living lightning hits the spark wasp.
The spark wasp completely resists.
The spark wasp blinks!
The spark wasp stings you!
* * * LOW HITPOINT WARNING * * *
The spark wasp shocks you!
* * * LOW HITPOINT WARNING * * *
Unknown command.
A red film seems to cover your vision as you go berserk!
You feel yourself moving faster!
You feel mighty! The spark wasp stings you!
You die...

....................########
.............#.............##
...^.(.....##..>............#
..........#.#(..............#
##......##.#.....§..........#
#.#....#.##.................#
.#)####.#.#.................#
#.##..##.#.............[....#
.##....##.[..†..@...........#
................y............#
................y§...........#
.##....##....................#
#.##..##.#.(...........(.....#
.#.####.#.#........#...##......
#.#..(.#.##......Q*...## ######
#......##.#.......####
........#.#......#


You could see a tengu reaver, 2 spark wasps and a battlesphere.

Vanquished Creatures
  the Lernaean hydra (Swamp:4)
  Saint Roka (Snake:4)
  Vashnia (Snake:4)
  A lich (Depths:1)
  A tentacled monstrosity (Swamp:2)
  The ghost of greprep the Peltast, an adept MiFi of Qazlal (Swamp:3)
  3 thorn hunters
  Agnes (Snake:2)
  A frost giant (IceCv)
  10 nagarajas (Snake:4)
  An orc warlord (Orc:1)
  The ghost of George the Champion of Chaos, a journeyman DsGl of Makhleb (Swamp:3)
  Aizul (Snake:2)
  A stone giant (D:15)
  A spark wasp (Depths:1)
  An ettin (Depths:1)
  Snorg (Lair:5)
  The ghost of nikopol the Cleaver, a journeyman GrBe of Trog (Lair:4)
  Josephine (Lair:6)
  A fire dragon (D:15)
  An ogre mage (D:15)
  18 hydras
  16 naga warriors
  A ghost crab (Swamp:4)
  Harold (Orc:1)
  A rakshasa (D:15)
  11 two-headed ogres
  A death knight (D:15)
  6 alligators
  21 anacondas
  5 centaur warriors
  A dancing weapon (Elf:1)
  4 orc high priests (Orc:2)
  A tengu warrior (D:15)
  A vampire mage (D:15)
  15 shock serpents
  15 naga sharpshooters
  A deep elf knight (Elf:1)
  The ghost of anfisbena the Carver, a novice VSFi of Uskayaw (D:10)
  2 skeletal warriors (D:15)
  9 salamander mystics
  9 swamp dragons (Swamp:4)
  7 naga ritualists
  6 unseen horrors
  2 spriggan druids
  An orange crystal statue (Depths:1)
  A wizard (D:14)
  4 lindwurms (Snake:4)
  8 deep elf magi
  A deep elf archer (Elf:1)
  6 orc sorcerers (Orc:2)
  2 necromancers
  A wolf spider zombie (D:12)
  6 orc knights
  2 cyclopes
  11 salamanders
  21 mana vipers
  8 ugly things
  A manticore (D:15)
  26 naga magi
  2 centaur zombies
  Maurice (Orc:2)
  10 guardian serpents
  29 spiny frogs
  40 black mambas
  5 elephants (Lair:6)
  2 gargoyles
  8 komodo dragons
  10 rime drakes
  An efreet (D:15)
  A freezing wraith (D:15)
  A queen bee (D:14)
  2 tengu conjurers
  5 trolls
  A meliai (shapeshifter) (D:15)
  6 tyrant leeches
  19 polar bears
  3 meliai (D:14)
  Grinder (D:4)
  14 bog bodies
  5 hornets
  A deep troll zombie (D:15)
  7 dream sheep (Lair:6)
  19 blink frogs
  A fire dragon zombie (D:15)
  19 hippogriffs
  18 slime creatures
  An ettin skeleton (D:15)
  Sigmund (D:5)
  2 air elementals (Elf:1)
  3 spriggans (Swamp:4)
  8 wraiths
  13 wyverns
  A deep troll skeleton (D:15)
  A water elemental (Elf:1)
  3 shadows
  A fire elemental (Elf:1)
  41 yaks
  2 steam dragons
  Eustachio (D:6)
  Grum (D:8)
  3 hungry ghosts
  10 basilisks
  7 wargs
  14 vampire mosquitoes
  12 insubstantial wisps
  13 swamp worms
  3 acid dragons
  61 nagas
  9 water moccasins
  A hell hound (Lair:5)
  9 porcupines
  2 ice beasts
  3 black bears
  10 swamp drakes
  3 sky beasts
  37 orc warriors
  19 wolves
  19 centaurs
  11 ogres
  A phantom (D:8)
  11 crocodiles
  3 big kobolds
  19 bullfrogs
  A wyvern zombie (D:14)
  A wyvern skeleton (D:13)
  6 scorpions
  40 killer bees
  15 wights
  A howler monkey (D:6)
  3 electric eels
  5 crimson imps
  4 jellies
  7 hounds
  Crazy Yiuf (D:2)
  A bullfrog skeleton (D:11)
  4 centaur skeletons
  24 orc priests
  5 iguanas
  35 orc wizards
  An iron imp (D:6)
  8 worker ants
  A hound skeleton (D:6)
  A howler monkey zombie (D:9)
  Robin (D:2)
  A howler monkey skeleton (D:6)
  7 adders
  2 shadow imps (D:10)
  11 white imps (Lair:6)
  An ooze (D:1)
  An adder zombie (D:8)
  3 adder skeletons
  3 worms
  3 dart slugs
  7 leopard geckos
  112 orcs
  2 ball pythons
  13 giant cockroaches
  13 goblins
  13 hobgoblins
  10 jackals
  3 quokkas
  8 bats
  3 frilled lizards
  2 jackal skeletons
  23 kobolds
  3 rats
  7 briar patches
  A butterfly (Lair:4)
  2 fungi
  A plant (Lair:6)
  A withered plant (D:15)
1297 creatures vanquished.

Vanquished Creatures (others)
  A naga mage (Snake:4)
  A white imp (Lair:6)
  An orc (D:15)
  5 fungi
  28 plants
  2 withered plants (D:15)
38 creatures vanquished.

Grand Total: 1335 creatures vanquished

Notes
Turn   | Place    | Note
-------+----------+-------------------------------------------
     0 | D:1      | ghjk the Minotaur Fighter began the quest for the Orb.
     0 | D:1      | Reached XP level 1. HP: 19/19 MP: 0/0
   295 | D:1      | Reached XP level 2. HP: 27/27 MP: 1/1
   517 | D:1      | Reached skill level 3 in Axes
   646 | D:1      | Reached XP level 3. HP: 33/33 MP: 2/2
   983 | D:2      | Reached skill level 4 in Axes
   990 | D:2      | Reached XP level 4. HP: 39/40 MP: 3/3
   992 | D:2      | Noticed Robin
  1010 | D:2      | Killed Robin
  1351 | D:2      | Found a runed door.
  1355 | D:2      | Noticed Crazy Yiuf
  1363 | D:2      | Killed Crazy Yiuf
  1363 | D:2      | Reached skill level 5 in Axes
  1363 | D:2      | Reached skill level 1 in Dodging
  1363 | D:2      | Reached XP level 5. HP: 41/46 MP: 4/4
  1950 | D:3      | Found a radiant altar of Vehumet.
  2244 | D:4      | Noticed Grinder
  2255 | D:4      | Killed Grinder
  2255 | D:4      | Reached skill level 6 in Axes
  2255 | D:4      | Reached XP level 6. HP: 32/53 MP: 5/5
  2602 | D:4      | Reached skill level 7 in Axes
  3062 | D:4      | Found a burning altar of Makhleb.
  3066 | D:4      | Found Sydd's Magic Scroll Emporium.
  3072 | D:4      | Bought a scroll of identify for 26 gold pieces
  3072 | D:4      | Bought a scroll of identify for 26 gold pieces
  3072 | D:4      | Bought a scroll of identify for 26 gold pieces
  3072 | D:4      | Bought a scroll of identify for 26 gold pieces
  3072 | D:4      | Bought a scroll of identify for 26 gold pieces
  3072 | D:4      | Bought a scroll of magic mapping for 45 gold pieces
  3107 | D:4      | Reached XP level 7. HP: 52/60 MP: 6/6
  3290 | D:5      | Entered Level 5 of the Dungeon
  3344 | D:5      | Noticed Sigmund
  3358 | D:5      | Killed Sigmund
  3358 | D:5      | Reached skill level 5 in Fighting
  3358 | D:5      | Reached skill level 8 in Axes
  3358 | D:5      | Reached skill level 5 in Armour
  3803 | D:5      | Found Teell's Weapon Shop.
  4279 | D:5      | Reached skill level 9 in Axes
  4279 | D:5      | Reached XP level 8. HP: 52/68 MP: 7/7
  4758 | D:6      | Reached skill level 10 in Axes
  4948 | D:6      | Found a staircase to the Ecumenical Temple.
  5146 | D:6      | Found a snail-covered altar of Cheibriados.
  5218 | D:6      | Reached skill level 5 in Shields
  5250 | D:6      | Noticed Eustachio
  5265 | D:6      | Killed Eustachio
  5336 | D:7      | Reached skill level 11 in Axes
  5487 | D:7      | Noticed a two-headed ogre
  5490 | D:7      | Found a sparkling altar of Nemelex Xobeh.
  5493 | D:7      | Killed a two-headed ogre
  5493 | D:7      | Reached XP level 9. HP: 75/75 MP: 8/8
  5497 | D:7      | Found a blossoming altar of Fedhas.
  5500 | D:7      | Found a burning altar of Makhleb.
  5611 | D:7      | Found Haarrorch's Antique Weapon Emporium.
  5725 | Temple   | Entered the Ecumenical Temple
  5875 | Temple   | Became a worshipper of Warmaster Okawaru
  5947 | D:8      | Reached skill level 12 in Axes
  6222 | D:8      | Noticed Grum
  6229 | D:8      | Noticed a two-headed ogre
  6237 | D:8      | Killed Grum
  6246 | D:8      | Killed a two-headed ogre
  6246 | D:8      | Reached * piety under Okawaru
  6248 | D:8      | Reached skill level 13 in Axes
  6251 | D:8      | Reached XP level 10. HP: 40/84 MP: 9/9
  6499 | D:8      | Found a staircase to the Lair.
  6505 | D:8      | Reached ** piety under Okawaru
  7003 | D:9      | Killed an unseen horror
  7003 | D:9      | Reached *** piety under Okawaru
  7555 | D:9      | Reached **** piety under Okawaru
  7648 | D:9      | Reached skill level 14 in Axes
  7722 | D:9      | Noticed a two-headed ogre
  7735 | D:9      | Killed a two-headed ogre
  8005 | D:9      | Reached XP level 11. HP: 79/94 MP: 10/10
  8218 | D:10     | Entered Level 10 of the Dungeon
  8327 | D:10     | Killed an unseen horror
  8327 | D:10     | Reached ***** piety under Okawaru
  8507 | D:10     | Noticed anfisbena's ghost (novice VSFi)
  8526 | D:10     | Killed anfisbena's ghost
  8526 | D:10     | Reached skill level 10 in Armour
  8536 | D:10     | Noticed a two-headed ogre
  8545 | D:10     | Killed a two-headed ogre
  8887 | D:10     | Found a roughly hewn altar of Beogh.
  8930 | D:10     | Received a gift from Okawaru
  9244 | D:11     | Found a staircase to the Orcish Mines.
  9384 | D:11     | Reached skill level 15 in Axes
  9535 | D:11     | Noticed a four-headed hydra
  9619 | D:11     | Killed a four-headed hydra
  9900 | D:11     | Found a roughly hewn altar of Beogh.
 10316 | D:12     | Reached XP level 12. HP: 102/105 MP: 11/11
 10353 | D:12     | Found Duus's Magic Scroll Shoppe.
 10357 | D:12     | Bought a scroll of identify for 20 gold pieces
 10357 | D:12     | Bought a scroll of identify for 20 gold pieces
 10357 | D:12     | Bought a scroll of brand weapon for 200 gold pieces
 10357 | D:12     | Bought a scroll of identify for 20 gold pieces
 10357 | D:12     | Bought a scroll of blinking for 75 gold pieces
 10357 | D:12     | Bought a scroll of enchant weapon for 75 gold pieces
 10357 | D:12     | Bought a scroll of enchant armour for 75 gold pieces
 10665 | D:12     | Reached skill level 16 in Axes
 11040 | D:12     | Received a gift from Okawaru
 11043 | D:12     | Got a transparent crystal plate armour {god gift}
 11054 | D:12     | Identified the +1 crystal plate armour of the Planets {rF+ rC++ Regen+} (Okawaru gifted it to you on level 12 of the Dungeon)
 11270 | D:13     | Noticed a centaur warrior
 11278 | D:13     | Killed a centaur warrior
 11278 | D:13     | Reached skill level 10 in Fighting
 11375 | D:13     | Reached skill level 10 in Shields
 11480 | D:13     | Noticed a two-headed ogre
 11488 | D:13     | Killed a two-headed ogre
 11488 | D:13     | Reached skill level 17 in Axes
 11579 | D:13     | Noticed a centaur warrior
 11591 | D:13     | Killed a centaur warrior
 12360 | D:14     | Noticed a two-headed ogre
 12371 | D:14     | Killed a two-headed ogre
 12371 | D:14     | Reached ****** piety under Okawaru
 12371 | D:14     | Received a gift from Okawaru
 12376 | D:14     | Reached XP level 13. HP: 95/114 MP: 12/12
 12382 | D:14     | Reached skill level 18 in Axes
 12412 | D:14     | Paralysed by a wizard for 5 turns
 12430 | D:14     | Paralysed by a wizard for 6 turns
 12543 | D:14     | Found a gate to the Vaults.
 12704 | D:15     | Entered Level 15 of the Dungeon
 12815 | D:15     | Reached skill level 1 in Maces & Flails
 12834 | D:15     | Found a staircase to the Depths.
 13252 | D:15     | Noticed a fire dragon
 13282 | D:15     | Killed a fire dragon
 13608 | D:15     | Received a gift from Okawaru
 13656 | D:15     | Reached skill level 1 in Invocations
 13661 | D:15     | Reached skill level 19 in Axes
 13974 | D:15     | Reached XP level 14. HP: 126/126 MP: 13/13
 14281 | Lair:1   | Entered Level 1 of the Lair of Beasts
 15061 | Lair:2   | Received a gift from Okawaru
 15763 | Lair:3   | Found a staircase to the Snake Pit.
 15780 | Lair:3   | Got a heavily runed bone ring
 15788 | Lair:3   | Identified the ring of Jueruylu {-Tele rC+ SInv Stlth+} (You found it on level 3 of the Lair of Beasts)
 16750 | Lair:4   | Noticed nikopol's ghost (journeyman GrBe)
 16763 | Lair:4   | Killed nikopol's ghost
 16783 | Lair:4   | Identified Sif Muna's Compendium of Lucky Evil Magic
 17094 | Lair:4   | Found a staircase to the Swamp.
 17564 | Lair:5   | Reached skill level 20 in Axes
 17679 | Lair:5   | Received a gift from Okawaru
 17789 | Lair:5   | Found a staircase to the Slime Pits.
 17808 | Lair:5   | Noticed Snorg
 17823 | Lair:5   | Killed Snorg
 18195 | Lair:6   | Entered Level 6 of the Lair of Beasts
 18195 | Lair:6   | Found a frozen archway.
 18195 | Lair:6   | Noticed Josephine
 18206 | Lair:6   | Killed Josephine
 18319 | IceCv    | Entered an ice cave
 18385 | IceCv    | Reached XP level 15. HP: 136/136 MP: 14/14
 18589 | IceCv    | Noticed a frost giant
 18621 | IceCv    | Killed a frost giant
 18692 | Lair:6   | Identified a scroll of acquirement
 18693 | Lair:6   | Got a crude tin amulet
 18694 | Lair:6   | Identified the amulet of Neacel {Gourm MR+} (You acquired it on level 6 of the Lair of Beasts)
 18823 | Lair:6   | Received a gift from Okawaru
 18830 | Lair:6   | Reached skill level 21 in Axes
 19728 | Orc:1    | Entered Level 1 of the Orcish Mines
 19751 | Orc:1    | Found Igygg's Antique Weapon Boutique.
 19839 | Orc:2    | Entered Level 2 of the Orcish Mines
 19990 | Orc:1    | Noticed Harold
 20002 | Orc:1    | Killed Harold
 20242 | Orc:1    | Noticed an orc warlord
 20263 | Orc:1    | Killed an orc warlord
 20263 | Orc:1    | Received a gift from Okawaru
 20476 | Orc:2    | Noticed Maurice
 20489 | Orc:2    | Killed Maurice
 20623 | Orc:2    | Found a staircase to the Elven Halls.
 20628 | Orc:2    | Paralysed by an orc sorcerer for 6 turns
 21158 | Orc:2    | Found Soziohuxt's Armour Boutique.
 21158 | Orc:2    | Found Ferhull's Gadget Emporium.
 21160 | Orc:2    | Found Tawi's Armour Boutique.
 21160 | Orc:2    | Found Xyxizimupp's Book Emporium.
 21320 | Elf:1    | Entered Level 1 of the Elven Halls
 21407 | Elf:1    | Found Dakesihu's Magic Scroll Shoppe.
 21414 | Elf:1    | Bought a scroll of teleportation for 33 gold pieces
 21414 | Elf:1    | Bought a scroll of enchant weapon for 82 gold pieces
 21414 | Elf:1    | Bought a scroll of magic mapping for 38 gold pieces
 21447 | Elf:1    | Reached XP level 16. HP: 139/147 MP: 15/15
 21913 | Snake:1  | Entered Level 1 of the Snake Pit
 22095 | Snake:1  | Reached skill level 22 in Axes
 22536 | Snake:1  | Received a gift from Okawaru
 22543 | Snake:1  | Reached skill level 15 in Fighting
 23186 | Snake:2  | Received a gift from Okawaru
 23643 | Snake:2  | Identified a +2 pair of boots of running (Okawaru gifted it to you on level 2 of the Snake Pit)
 23737 | Snake:2  | Noticed Aizul
 23750 | Snake:2  | Killed Aizul
 23978 | Snake:2  | Noticed Agnes
 23983 | Snake:2  | Reached skill level 15 in Shields
 23991 | Snake:2  | Killed Agnes
 24194 | Snake:2  | Reached skill level 15 in Armour
 24206 | Snake:2  | Received a gift from Okawaru
 24215 | Snake:2  | Got a translucent war axe {god gift}
 24216 | Snake:2  | Identified the +11 war axe of the Valley {chop, +Blink +Inv rPois MR-} (Okawaru gifted it to you on level 2 of the Snake Pit)
 24604 | Snake:2  | Reached XP level 17. HP: 78/158 MP: 16/16
 25299 | Snake:3  | Reached skill level 23 in Axes
 25599 | Snake:3  | Received a gift from Okawaru
 26251 | Snake:4  | Entered Level 4 of the Snake Pit
 27312 | Snake:4  | Noticed Saint Roka
 27338 | Snake:4  | Killed Saint Roka
 27826 | Snake:4  | Received a gift from Okawaru
 29160 | Snake:4  | Reached XP level 18. HP: 121/170 MP: 14/18
 29179 | Snake:4  | Received a gift from Okawaru
 29936 | Snake:4  | Noticed Vashnia
 30092 | Snake:4  | Killed Vashnia
 30092 | Snake:4  | Received a gift from Okawaru
 30466 | Snake:4  | Got a serpentine rune of Zot
 30699 | Swamp:1  | Entered Level 1 of the Swamp
 31354 | Swamp:2  | Noticed a tentacled monstrosity
 31365 | Swamp:2  | Killed a tentacled monstrosity
 31365 | Swamp:2  | Received a gift from Okawaru
 32108 | Swamp:3  | Noticed greprep's ghost (adept MiFi)
 32132 | Swamp:3  | Killed greprep's ghost
 32669 | Swamp:3  | Noticed George's ghost (journeyman DsGl)
 32688 | Swamp:3  | Killed George's ghost
 32854 | Swamp:4  | Entered Level 4 of the Swamp
 32916 | Swamp:4  | Reached skill level 24 in Axes
 34080 | Swamp:4  | Received a gift from Okawaru
 34333 | Swamp:4  | Noticed the 27-headed Lernaean hydra
 34805 | Swamp:4  | Killed the 27-headed Lernaean hydra
 34805 | Swamp:4  | Reached XP level 19. HP: 47/181 MP: 12/19
 35347 | Swamp:4  | Got a decaying rune of Zot
 35853 | Depths:1 | Entered Level 1 of the Depths
 36006 | Depths:1 | Noticed a lich
 36155 | Depths:1 | Killed a lich
 36325 | Depths:1 | HP: 8/181 [spark wasp (15)]
 36330 | Depths:1 | HP: 5/181 [spark wasp/living lightning (7)]
 36335 | Depths:1 | HP: 2/181 [spark wasp (12)]
 36337 | Depths:1 | Slain by a spark wasp

Skill      XL: |  1  2  3  4  5  6  7  8  9 10 11 12 13 14 15 16 17 18 19 |
---------------+----------------------------------------------------------+-----
Axes           | 3 4 5 6 7 9 11 13 14 15 17 19 20 21 22 23 24 | 24.1
Fighting       | 4 5 6 8 9 10 12 13 14 15 17 18 | 18.9
Shields        | 4 5 6 8 9 10 11 12 13 15 | 15.2
Armour         | 4 5 6 7 9 10 11 12 13 14 15 16 19 | 19.6
Dodging        | 1 2 3 4 |  4.0
Maces & Flails | 1 2 3 |  3.2
Invocations    | 1 2 |  2.7

Action                   |  1- 3 |  4- 6 |  7- 9 | 10-12 | 13-15 | 16-18 | 19-21 || total
-------------------------+-------+-------+-------+-------+-------+-------+-------++-------
Melee: War axe           |    75 |   133 |    84 |       |       |       |       ||   292
       Headbutt          |    12 |    20 |    50 |   149 |   252 |   359 |    42 ||   884
       Hand axe          |       |       |   132 |   327 |       |       |       ||   459
       Broad axe         |       |       |       |   416 |  1169 |   386 |       ||  1971
       Flail             |       |       |       |     7 |    12 |    24 |    10 ||    53
       Battleaxe         |       |       |       |       |       |  1072 |   133 ||  1205
       Punch             |       |       |       |       |       |     2 |       ||     2
Invok: Heroism           |       |       |       |     1 |     1 |     2 |       ||     4
       Finesse           |       |       |       |     1 |     1 |     5 |       ||     7
  Use: Scroll            |       |     8 |     9 |    14 |     8 |    12 |     3 ||    54
       Potion            |       |       |     2 |     3 |       |    10 |     8 ||    23
  Eat: Chunk             |       |     4 |     6 |    17 |    51 |    34 |     3 ||   115
       Royal jelly       |       |     1 |       |     2 |     1 |       |     4 ||     8
       Fruit             |       |       |     1 |       |     2 |       |       ||     3
       Bread ration      |       |       |     1 |       |       |       |       ||     1
       Meat ration       |       |       |       |       |       |     1 |       ||     1
Armor: Scale mail        |    34 |    25 |       |       |       |       |       ||    59
       Chain mail        |       |    42 |    76 |   139 |       |       |       ||   257
       Plate armour      |       |       |       |   131 |       |       |       ||   131
       Crystal plate arm |       |       |       |   126 |   639 |  1298 |   148 ||  2211
Dodge: Dodged            |    26 |    36 |    31 |   154 |   218 |   476 |    53 ||   994
       Deflected         |       |       |       |       |     7 |    71 |     6 ||    84
Block: Shield            |    32 |    73 |    87 |   391 |   615 |   207 |       ||  1405
